 Dungeon Crawl Stone Soup version 0.31-a0-75-g6fe912e8c5 (webtiles) character file.

Game seed: 12352599481863090428

167 knightboat the Poker (level 5, -3/58 HPs)
             Began as a Merfolk Transmuter on May 24, 2023.
             Slain by Natasha (5 damage)
             ... on level 3 of the Dungeon.
             The game lasted 00:18:15 (2340 turns).

knightboat the Poker (Merfolk Transmuter)           Turns: 2340, Time: 00:18:18

Health: -3/58      AC: 26    Str: 10    XL:     5   Next: 48%
Magic:  9/9        EV:  2    Int: 15    God:
Gold:   236        SH:  0    Dex: 14    Spells: 8/10 levels left

rFire   . . .        c - +0 trident
rCold   . . .        (no shield)
rNeg    . . .        a - melded +0 robe
rPois   +            (helmet currently unavailable)
rElec   .            k - melded +0 cloak
rCorr   .            (gloves currently unavailable)
SInv    .            (boots currently unavailable)
Will    .....        (no amulet)
Stlth   ++           q - +4 ring of protection
HPRegen 0.29/turn    (no ring)
MPRegen 0.11/turn

%: no passive effects
@: brilliant, lethally poisoned (-3 -> -5), tree-form, slowed, very slow
A: stationary, stasis, torment immunity, boosted hp, (nimble swimmer 2),
(mertail)
a: no special abilities


You were on level 3 of the Dungeon.
You were a tree.
You visited 1 branch of the dungeon, and saw 4 of its levels.

You collected 236 gold pieces.

Inventory:

Hand Weapons
 c - a +0 trident (weapon)
 e - a +0 flail of holy wrath
 r - a +2 short sword of electrocution
Armour
 a - a +0 robe (melded)
 k - a +0 cloak (melded)
Jewellery
 m - a ring of fire
 q - a +4 ring of protection (left branch)
Scrolls
 d - a scroll of enchant weapon {unknown}
 g - 3 scrolls of identify {unknown}
 l - a scroll of poison {unknown}
 n - 4 scrolls of fog {unknown}
 o - a scroll of fear {unknown}
Potions
 b - a potion of lignification
 h - a potion of attraction {unknown}
 j - a potion of brilliance
 p - a potion of enlightenment {unknown}


   Skills:
 * Level 2.4 Fighting
 * Level 3.8 Polearms
 + Level 3.3 Dodging
 + Level 1.0 Stealth
 - Level 3.2 Unarmed Combat
 + Level 3.0 Spellcasting
 * Level 0.5 Hexes
 * Level 2.9 Transmutations


You had 8 spell levels left.
You knew the following spells:

 Your Spells              Type           Power      Damage    Failure   Level
a - Beastly Appendage     Tmut           32%        N/A       6%          1
b - Slow                  Hex            20%        N/A       16%         1

Your spell library contained the following spells:

 Spells                   Type           Power      Damage    Failure   Level
 Wereblood                Tmut           16%        N/A       9%          2
 Spider Form              Tmut/Pois      8%         N/A       36%         3
 Confusing Touch          Hex            5%         N/A       43%         3
 Vampiric Draining        Necr           3%         2d6       52%         3
 Ice Form                 Ice/Tmut       8%         N/A       77%         4


Dungeon Overview and Level Annotations

Branches:
Dungeon (4/15)
 Temple: D:4-7

Altars:

Annotations:
D:3 Natasha


Innate Abilities, Weirdness & Mutations

You are a tree.
Your roots penetrate the ground, keeping you stationary.
You cannot be teleported.
You are immune to unholy pain and torment.
Your maximum health is greatly increased.
Your equipment is partially melded.
((You are very nimble when in or above water. (Stealth+, EV+, Speed+++)))
((Your lower body shifts to a powerful aquatic tail in water.))


Message History

You hit the adder.
The adder is lightly wounded.
The adder bites you but does no damage. Natasha claws you.
* * * LOW HITPOINT WARNING * * *
You bump into the rock wall.
You feel less invigorated.
You feel less confused. The adder closely misses you.
Natasha stares at you and mumbles some strange words.
You feel yourself slow down.
You barely miss the adder.
The adder is lightly wounded.
The adder barely misses you. Natasha closely misses you. The adder misses you.
You closely miss the adder.
The adder is lightly wounded.
The adder bites you.
* * * LOW HITPOINT WARNING * * *
You are poisoned.
The adder poisons you! Natasha casts a spell at you. The magic dart hits you.
* * * LOW HITPOINT WARNING * * *
The adder bites you.
* * * LOW HITPOINT WARNING * * *
Natasha stares at you and mumbles some strange words.
You feel as though you will be slow longer.
The adder misses you.
Really quaff the potion of lignification?
You turn into a tree.
Your +0 cloak melds into your body.
Your +0 robe melds into your body.
Your roots penetrate the ground.
* * * LOW HITPOINT WARNING * * *
You feel sick. Natasha claws you but does no damage.
The adder bites you but does no damage. Natasha claws you but does no damage.
The adder bites you but does no damage.
You miss the adder.
The adder is lightly wounded.
* * * LOW HITPOINT WARNING * * *
You feel sick. The adder bites you.
* * * LOW HITPOINT WARNING * * *
Natasha claws you.
You die...

####.# #####....#
....#.##.#
###.#.##.#
#.#.##.#
#...##.#####
########.....#
....########.#####
...............S♣#
###+############h#
...........#####.#
#..........+.....#
#..........####..#
#..........####..#
#.............#..#
...........##.#..#
##...............#


You could see Natasha and an adder.

Vanquished Creatures
  A scorpion (D:3)
  A jelly (D:4)
  2 adders
  5 worms
  2 dart slugs
  An orc (D:3)
  6 ball pythons
  5 endoplasms
  2 giant cockroaches
  2 goblins
  2 hobgoblins
  5 kobolds
  2 quokkas
  2 bats
  5 frilled lizards
  2 rats
45 creatures vanquished.

Notes
Turn   | Place    | Note
-------+----------+-------------------------------------------
     0 | D:1      | knightboat the Merfolk Transmuter began the quest for the
                  | Orb.
     0 | D:1      | Reached XP level 1. HP: 15/15 MP: 3/3
   319 | D:1      | Reached XP level 2. HP: 7/21 MP: 5/5
   567 | D:1      | Found a faded altar of an unknown god.
   580 | D:1      | Got Plato's Quarto of the Shapeshifter
   778 | D:1      | Reached skill level 1 in Polearms
   898 | D:2      | Reached XP level 3. HP: 15/26 MP: 6/6
  1729 | D:3      | Reached XP level 4. HP: 32/32 MP: 6/8
  2140 | D:3      | Learned a level 1 spell: Slow
  2178 | D:4      | Noticed a scorpion
  2198 | D:3      | Killed a scorpion
  2199 | D:3      | Reached skill level 1 in Stealth
  2199 | D:3      | Reached XP level 5. HP: 14/37 MP: 9/9
  2308 | D:4      | Noticed Natasha
  2332 | D:3      | HP: 1/39 [Natasha (8)]
  2340 | D:3      | HP: 2/58 [adder (1)]
  2340 | D:3      | Slain by Natasha

Illustrated notes

Levels and vault maps discovered:
D:1:      lordsloth_arrival_two_stooges, layout_rooms,
          shapermc_ecumenical_altar_rom_forum, columned_hall_lemuel,
          minmay_misc_feat_chi, minmay_tripent
D:2:      layout_rooms, chequers_decorated_corner, serial_bayou_crossing
D:3:      layout_basic, minmay_misc_feat_diagonals
D:4:      layout_rooms, serial_corexii_hall, corexii_hall_statues_l,
          corexii_hall_statues_x, uniq_natasha

Skill      XL: |  1  2  3  4  5 |
---------------+----------------+-----
Dodging        | 3 |  3.3
Polearms       | 1 2 3 |  3.8
Stealth        | 1 |  1.0
Spellcasting   | 3 |  3.0
Fighting       | 2 |  2.4
Unarmed Combat | |  3.2
Hexes          | |  0.5
Transmutations | |  2.9

Action                     |  1- 3 |  4- 6 || total
---------------------------+-------+-------++-------
  Melee: Trident           |   117 |    56 ||   173
         Headbutt          |     9 |     4 ||    13
         Punch             |     1 |       ||     1
   Cast: Beastly Appendage |    17 |     5 ||    22
         Slow              |       |     1 ||     1
    Use: Potion            |     1 |     5 ||     6
   Stab: Sleeping          |     2 |       ||     2
 Armour: Robe              |    13 |    29 ||    42
         Skin              |       |     4 ||     4
  Dodge: Dodged            |    67 |    73 ||   140

Table legend: (Time is in decaauts)
 A = Elapsed time spent in this place.
 B = Non-inter-level travel time spent in this place.
 C = Inter-level travel time spent in this place.
 D = Time resting spent in this place.
 E = Time spent auto-exploring this place.
 F = Levels seen in this place.
 G = Mean time per level.
                   A        B        C        D        E       F      G
               +--------+--------+--------+--------+--------+-----+--------+
         Total |   2379 |   2379 |      0 |    314 |   1206 |   4 |  594.8 |
       Dungeon |   2379 |   2379 |      0 |    314 |   1206 |   4 |  594.8 |
               +--------+--------+--------+--------+--------+-----+--------+

Top non-repeatable levels by time:
     D:2: 886 daAuts
     D:1: 816 daAuts
     D:3: 619 daAuts
     D:4: 56 daAuts
